 Dungeon Crawl Stone Soup version 0.26-a0-611-g354ed81502 (webtiles) character file.

Game seed: 7894116493189568848

9 MrRokkomies the Caller (level 1, 0/14 HPs)
             Began as a Demigod Wanderer on Sept 7, 2020.
             Slain by a hobgoblin (3 damage)
             ... on level 1 of the Dungeon.
             The game lasted 00:01:15 (213 turns).

MrRokkomies the Caller (Demigod Wanderer)            Turns: 213, Time: 00:01:16

Health: 0/14       AC:  2    Str: 14    XL:     1   Next: 93%
Magic:  1/4        EV: 11    Int: 18    God:
Gold:   8          SH:  0    Dex: 14    Spells: 1/2 levels left

rFire    . . .     SeeInvis .   a - +0 dagger
rCold    . . .     Faith    .   (no shield)
rNeg     . . .     Spirit   .   d - +0 robe
rPois    .         Reflect  .   (no helmet)
rElec    .         Harm     .   (no cloak)
rCorr    .                      (no gloves)
MR       .....                  (no boots)
Stlth    +.........             (no amulet)
HPRegen  0.04/turn              (no ring)
MPRegen  0.09/turn              (no ring)

@: no status effects
A: high mp 1
a: no special abilities


You were on level 1 of the Dungeon.
You visited 1 branch of the dungeon, and saw 1 of its levels.

You collected 8 gold pieces.

Inventory:

Hand Weapons
 a - a +0 dagger (weapon)
Armour
 d - a +0 robe (worn)


   Skills:
 + Level 0.3 Fighting
 - Level 1.0 Throwing
 * Level 0.7 Dodging
 + Level 1.1 Spellcasting
   Level 2.6 Summonings
 * Level 2.1 Ice Magic
   Level 1.0 Earth Magic
   Level 1.0 Poison Magic
   Level 1.0 Evocations


You had one spell level left.
You knew the following spells:

 Your Spells              Type           Power        Failure   Level
a - Freeze                Ice            #...         9%          1

Your spell library contained the following spells:

 Spells                   Type           Power        Failure   Level
 Summon Small Mammal      Summ           ##..         7%          1
 Sandblast                Erth           #.....       13%         1
 Call Imp                 Summ           ##......     10%         2
 Call Canine Familiar     Summ           ##......     21%         3
 Frozen Ramparts          Ice            #.....       26%         3
 Summon Guardian Golem    Hex/Summ       #.......     34%         3
 Stone Arrow              Conj/Erth      #.....       43%         3
 Summon Ice Beast         Ice/Summ       #.......     58%         4
 Summon Lightning Spire   Summ/Air       #.......     75%         4


Dungeon Overview and Level Annotations

Branches:
Dungeon (1/15)


Innate Abilities, Weirdness & Mutations

You have an increased reservoir of magic. (+10% MP)


Message History

You miss the kobold.
The kobold is severely wounded.
The kobold hits you but does no damage.
You hit the kobold but do no damage.
The kobold is severely wounded.
The kobold closely misses you.
You barely miss the kobold.
The kobold is severely wounded.
The kobold hits you with a +0 dagger.
You barely miss the kobold.
The kobold is severely wounded.
The kobold hits you but does no damage.
You hit the kobold.
You kill the kobold!
You hit the hobgoblin but do no damage. The hobgoblin hits you.
* * * LOW HITPOINT WARNING * * *
You hit the hobgoblin.
The hobgoblin is moderately wounded.
The hobgoblin hits you.
You die...

#(..............
####...#.#####.#
#...#.# #...#.#
.#######...#.#
...........+.#
.#######...#.#
#######...#.#
#...@g....#
#.####....#
+..........
#....#+#.##
####... ....
.$... .....
.....#


You could see a hobgoblin.

Vanquished Creatures
  A leopard gecko (D:1)
  A giant cockroach (D:1)
  A goblin (D:1)
  2 kobolds (D:1)
  4 rats (D:1)
9 creatures vanquished.

Notes
Turn   | Place    | Note
-------+----------+-------------------------------------------
     0 | D:1      | MrRokkomies the Demigod Wanderer began the quest for the
                  | Orb.
     0 | D:1      | MrRokkomies set off with the following items: a +0 club, a
                  | +0 robe; and the following spells available to memorise:
                  | Summon Small Mammal, Freeze, Call Imp, Sandblast, Call
                  | Canine Familiar, Frozen Ramparts, Summon Guardian Golem,
                  | Stone Arrow, Summon Ice Beast, Summon Lightning Spire
     0 | D:1      | Reached XP level 1. HP: 14/14 MP: 4/4
     2 | D:1      | Learned a level 1 spell: Freeze
   213 | D:1      | Slain by a hobgoblin

Illustrated notes

Levels and vault maps discovered:
D:1:      dpeg_arrival_prison, layout_basic, chequers_decorated_corner

Skill      XL: |  1 |
---------------+----+-----
Ice Magic      | 2 |  2.1
Fighting       | |  0.3
Throwing       | |  1.0
Dodging        | |  0.7
Spellcasting   | |  1.1
Summonings     | |  2.6
Earth Magic    | |  1.0
Poison Magic   | |  1.0
Evocations     | |  1.0

Action                   || total
-------------------------++-------
Melee: Club              ||    14
       Dagger            ||     9
 Cast: Freeze            ||     7
Armor: Robe              ||    10
Dodge: Dodged            ||    12

Table legend: (Time is in decaauts)
 A = Elapsed time spent in this place.
 B = Non-inter-level travel time spent in this place.
 C = Inter-level travel time spent in this place.
 D = Time resting spent in this place.
 E = Time spent auto-exploring this place.
 F = Levels seen in this place.
 G = Mean time per level.
                   A        B        C        D        E       F      G
               +--------+--------+--------+--------+--------+-----+--------+
         Total |    216 |    216 |      0 |      0 |    158 |   1 |  216.0 |
       Dungeon |    216 |    216 |      0 |      0 |    158 |   1 |  216.0 |
               +--------+--------+--------+--------+--------+-----+--------+

Top non-repeatable levels by time:
     D:1: 216 daAuts
